 Dungeon Crawl Stone Soup version 0.27.1-3-gb3d3a73c9e (webtiles) character file.

Game seed: 17927944067458495512

117 styxcanada the Sneak (level 4, -1/23 HPs)
             Began as a Spriggan Brigand on Oct 30, 2021.
             Slain by Grinder (9 damage)
             ... on level 3 of the Dungeon.
             The game lasted 00:07:21 (2757 turns).

styxcanada the Sneak (Spriggan Brigand)             Turns: 2757, Time: 00:07:22

Health: -1/23      AC:  3    Str:  7    XL:     4   Next: 71%
Magic:  14/14      EV: 17    Int: 12    God:
Gold:   115        SH:  0    Dex: 17    Spells: 3/3 levels left

rFire    . . .     SeeInvis +   o - +1 short sword (vamp)
rCold    . . .     Faith    .   (shield restricted)
rNeg     . . .     Spirit   .   b - +0 robe
rPois    .         Reflect  .   (helmet restricted)
rElec    .         Harm     .   c - +0 cloak
rCorr    .         Rampage  .   (gloves unavailable)
Will     .....                  (boots unavailable)
Stlth    ++++......             (no amulet)
HPRegen  0.07/turn              l - ring of magical power
MPRegen  0.14/turn              (no ring)

@: very quick
A: very small, no large weapons, unfitting armour, see invisible, speed 3
a: no special abilities


You were on level 3 of the Dungeon.
You visited 1 branch of the dungeon, and saw 3 of its levels.

You collected 115 gold pieces.

Inventory:

Hand Weapons
 a - a +2 dagger
 o - a +1 vampiric short sword (weapon)
Missiles
 d - 7 poisoned darts (quivered)
 e - 2 curare-tipped darts
 i - 19 stones
 n - 21 sling bullets
Armour
 b - a +0 robe (worn)
 c - a +0 cloak (worn)
Jewellery
 l - a ring of magical power (left hand)
Scrolls
 f - a scroll of vulnerability {unknown}
 h - a scroll of noise {unknown}
 j - a scroll of enchant armour {unknown}
 m - 2 scrolls of fog {unknown}
 p - 2 scrolls of identify {unknown}
Potions
 g - a potion of might
 q - a potion of brilliance {unknown}
 r - a potion of flight {unknown}


   Skills:
 * Level 2.1 Fighting
 + Level 2.7 Short Blades
 + Level 2.2 Throwing
 * Level 2.7 Dodging
 * Level 7.8 Stealth


You had 3 spell levels left.
You didn't know any spells.
Your spell library was empty.

Dungeon Overview and Level Annotations

Branches:
Dungeon (3/15)

Altars:

Annotations:
D:3 Grinder


Innate Abilities, Weirdness & Mutations

You are very small and have problems with some larger weapons.
You are too small for most types of armour.
You have supernaturally acute eyesight. (SInv)
You cover ground extremely quickly. (Speed+++)


Message History

You can move again.
You hit Grinder.
Grinder is lightly wounded.
Grinder barely misses you.
You hit Grinder.
Grinder is lightly wounded.
Grinder completely misses you.
You closely miss Grinder.
Grinder is lightly wounded.
Grinder hits you.
You writhe in agony.
You hit Grinder.
Grinder is lightly wounded.
Grinder misses you.
You hit Grinder.
Grinder is moderately wounded.
Grinder misses you.
You hit Grinder.
Grinder is moderately wounded.
Grinder closely misses you.
You hit Grinder.
Grinder is moderately wounded.
Grinder closely misses you.
You barely miss Grinder.
Grinder is moderately wounded.
Grinder misses you.
You hit Grinder but do no damage.
Grinder is moderately wounded.
Grinder closely misses you.
You barely miss Grinder.
Grinder is moderately wounded.
Grinder closely misses you.
You closely miss Grinder.
Grinder is moderately wounded.
Grinder misses you.
You hit Grinder.
Grinder is moderately wounded.
You hit Grinder but do no damage.
Grinder is moderately wounded.
Grinder hits you!
You die...

#.###.......# #
.............#####..
##.#.#............#
.....#..........#
###.#####........#
#. #........# .
##........#
##..5......#
#...@......#
#..>....####
#.....### ##...##
##.## #.# #.# #.#
#.#


You could see Grinder.

Vanquished Creatures
  Jessica (D:2)
  5 adders
  2 worms (D:2)
  A dart slug (D:2)
  2 ball pythons (D:1)
  2 endoplasms (D:2)
  A giant cockroach (D:1)
  4 goblins
  6 hobgoblins
  4 kobolds
  2 quokkas (D:1)
  3 bats
  3 frilled lizards
  3 rats
39 creatures vanquished.

Notes
Turn   | Place    | Note
-------+----------+-------------------------------------------
     0 | D:1      | styxcanada the Spriggan Brigand began the quest for the
                  | Orb.
     0 | D:1      | Reached XP level 1. HP: 10/10 MP: 2/2
    29 | D:1      | Reached skill level 6 in Stealth
   687 | D:1      | Reached XP level 2. HP: 8/14 MP: 3/3
  1680 | D:2      | Reached skill level 7 in Stealth
  1697 | D:2      | Reached XP level 3. HP: 13/18 MP: 4/4
  2137 | D:2      | Reached XP level 4. HP: 23/23 MP: 5/5
  2170 | D:2      | Noticed Jessica
  2194 | D:2      | Killed Jessica
  2399 | D:2      | HP: 1/23 [poisoned by an adder]
  2729 | D:3      | Noticed Grinder
  2740 | D:3      | Paralysed by Grinder for 4 turns
  2757 | D:3      | Slain by Grinder

Illustrated notes

Levels and vault maps discovered:
D:1:      scummos_arrival_simple_crosswalls, layout_loops_corners
D:2:      layout_rooms, uniq_jessica
D:3:      layout_loops_cross, shapermc_ecumenical_altar_acropolis, uniq_grinder,
          uniq_sigmund

Skill      XL: |  1  2  3 |
---------------+----------+-----
Stealth        | 6 7 |  7.8
Dodging        | 2 |  2.7
Fighting       | 2 |  2.1
Short Blades   | |  2.7
Throwing       | |  2.2

Action                   |  1- 3 |  4- 6 || total
-------------------------+-------+-------++-------
Melee: Dagger            |    63 |       ||    63
       Short sword       |    62 |    31 ||    93
Throw: Dart              |    12 |     8 ||    20
  Use: Potion            |       |     2 ||     2
 Stab: Sleeping          |     7 |     2 ||     9
Armor: Robe              |    17 |       ||    17
Dodge: Dodged            |    92 |    23 ||   115
